 Dungeon Crawl Stone Soup version 0.17-a0-18-gc25b939 (webtiles) character file.

11 JacquesDerrida the Caller (level 2, -1/19 HPs)
             Began as a Merfolk Summoner on Mar 7, 2015.
             Slain by a gnoll
             ... wielding a +0 spear
              (12 damage)
             ... on level 2 of the Dungeon.
             The game lasted 00:02:40 (420 turns).

JacquesDerrida the Caller (Merfolk Summoner)         Turns: 420, Time: 00:02:41

Health: -1/19      AC:  2    Str:  8    XL:     2   Next: 29%
Magic:  1/4        EV: 13    Int: 14    God:
Gold:   30         SH:  0    Dex: 14    Spells: 2 memorised, 2 levels left

rFire  . . .     SeeInvis .     g - +0 dagger
rCold  . . .     Clarity  .     a - +0 robe
rNeg   . . .     SustAb   .     (no shield)
rPois  .         Gourm    .     (no helmet)
rElec  .         Spirit   .     (no cloak)
rCorr  .         Warding  .     (no gloves)
rMut   .         Stasis   .     (no boots)
MR     .....                    (no amulet)
Stlth  ++........               (no ring)
                                (no ring)

@: not resistant to hostile enchantments, unstealthy
A: change form in water, swift swim
a: no special abilities


You were on level 2 of the Dungeon.
You were not hungry.

You visited 1 branch of the dungeon, and saw 2 of its levels.

You collected 30 gold pieces.

Inventory:

Hand weapons
 g - a +0 dagger (weapon)
Missiles
 d - 14 poisoned needles
 h - 19 stones (quivered)
Armour
 a - a +0 robe (worn)
Scrolls
 i - a scroll of identify {unknown}
 j - a scroll of remove curse {unknown}
Potions
 e - a potion of heal wounds
Books
 b - a book of Callings

   Spells                             Type                      Level
   a - Summon Small Mammal            Summoning                    1
   b - Call Imp                       Summoning                    2
   c - Call Canine Familiar           Summoning                    3
   d - Summon Guardian Golem          Hexes/Summoning              4
   e - Summon Lightning Spire         Summoning/Air                4
   f - Summon Ice Beast               Ice/Summoning                4
Comestibles
 c - a bread ration


   Skills:
 - Level 2.6 Dodging
 - Level 2.1 Stealth
 - Level 2.0 Spellcasting
 + Level 4.5 Summonings


You had 2 spell levels left.
You knew the following spells:

 Your Spells              Type           Power        Failure   Level  Hunger
a - Summon Small Mammal   Summ           ##..         3%          1    ##.....
b - Call Imp              Summ           ##......     6%          2    ###....


Dungeon Overview and Level Annotations

Branches:
Dungeon (2/15)

Altars:


Message History

Your white imp closely misses the gnoll.
Your white imp barely misses the gnoll.
A giant newt comes into view.
The gnoll closely misses your white imp.
All of the chunks of flesh in your inventory have rotted away.
The giant newt barely misses you.
A rat comes into view.
The giant newt closely misses you.
A kobold opens the door.
Drink which item? (? for menu, Esc to quit)
It was a potion of heal wounds.
You feel much better. The gnoll barely misses you.
The giant newt closely misses you.
Your white imp closely misses the gnoll.
The giant newt closely misses you. The gnoll hits you with a spear!
Your white imp hits the gnoll.
Your white imp freezes the gnoll.
The rat bites you but does no damage.
The gnoll closely misses your white imp.
The gnoll hits you from afar with a spear!
Ouch! That really hurt!
You die...

#........# #####
#........####
#...#####............
##...#..........>.....
#......g.5#g..........
#.....5...'....#......
#....g....#....#......
#...lr.K.......#.###..
##...@....<....#.# #..
#...#...........# #..
#...#.......##### #..
#####.....##. ...
#...... ... ..... ....
...


You could see 3 gnolls, a kobold, a giant newt, a rat, a friendly crimson imp
and a friendly white imp.

Vanquished Creatures
  A giant cockroach (D:2)
  A hobgoblin (D:1)
2 creatures vanquished.

Vanquished Creatures (collateral kills)
  2 giant cockroaches
  3 goblins
  2 hobgoblins (D:1)
  2 ball pythons
  A giant gecko (D:1)
  A giant newt (D:2)
  2 rats (D:1)
13 creatures vanquished.

Vanquished Creatures (others)
  A crimson imp (D:2)
  A bat (D:1)
  2 quokkas (D:1)
  7 rats (D:1)
11 creatures vanquished.

Grand Total: 26 creatures vanquished

Notes
Turn   | Place    | Note
--------------------------------------------------------------
     0 | D:1      | JacquesDerrida, the Merfolk Summoner, began the quest for the Orb.
     0 | D:1      | Reached XP level 1. HP: 13/13 MP: 3/3
   269 | D:1      | Reached XP level 2. HP: 13/19 MP: 0/4
   274 | D:1      | Learned a level 2 spell: Call Imp
   420 | D:2      | Slain by a gnoll

Action                   || total
-------------------------++-------
Melee: Unarmed           ||    13
       Dagger            ||     6
 Cast: Summon Small Mamm ||    17
       Call Imp          ||     5
  Use: Potion            ||     1
 Stab: Sleeping          ||     1
